Map: Emerald City LE

Players

qqq - Winner!

  • Race: Protoss Protoss
  • League: Platinum
  • Spawn Location: 11:00

Massa - Winner!

  • Race: Terran Terran
  • League: Platinum
  • Spawn Location: 11:00

Opie

  • Race: Terran Terran
  • Spawn Location: 5:00

samurairau

  • Race: Protoss Protoss
  • Spawn Location: 5:00

VOD

Have the link to the VOD?

Description

Time

  • Played on: Dec. 23, 2020, 12:21 p.m.
  • Length: 17:32
Show
View Real Time Build Order
Export as new Build Order

qqq Protoss - Winner!

Build Orders: Carriers 

Get SALT Encoding   

  12  0:01  Probe  
  13  0:23  Probe, Pylon  
  14  0:43  Forge  
  14  0:47  Probe  
  15  1:25  Pylon  
  15  1:35  Pylon  
  15  1:36  Pylon  
  15  1:38  Pylon  
  15  1:39  Pylon  
  15  1:40  Pylon  
  15  1:46  Photon Cannon  
  15  1:54  Probe  
  15  2:01  Photon Cannon  
  16  2:14  Photon Cannon  
  16  2:40  Photon Cannon  
  16  2:43  Photon Cannon  
  16  2:52  Photon Cannon  
  15  3:20  Probe  
  15  3:34  Nexus  
  15  3:43  Gateway  
  15  3:52  Probe  
  16  4:04  Probe, Assimilator  
  16  4:08  Assimilator  
  17  4:16  Probe  
  18  4:28  Probe  
  18  4:30  Pylon  
  19  4:34  Assimilator  
  19  4:41  Probe (Chrono Boost)  
  20  4:48  Probe (Chrono Boost), Cybernetics Core  
  22  4:58  Probe (Chrono Boost)  
  22  4:59  Probe (Chrono Boost)  
  23  5:03  Assimilator  
  23  5:06  Probe (Chrono Boost)  
  25  5:09  Probe (Chrono Boost)  
  25  5:13  Probe (Chrono Boost)  
  26  5:16  Probe (Chrono Boost)  
  26  5:19  Probe  
  28  5:27  Probe  
  29  5:31  Probe, Stargate  
  30  5:39  Probe  
  30  5:40  Photon Cannon  
  31  5:43  Probe  
  32  5:53  Probe (Chrono Boost), Stargate  
  32  5:55  Probe (Chrono Boost)  
  35  6:07  Probe (Chrono Boost)  
  35  6:09  Probe (Chrono Boost)  
  36  6:13  Pylon  
  36  6:15  Probe  
  36  6:16  Pylon  
  37  6:19  Phoenix  
  37  6:22  Probe  
  40  6:27  Probe  
  41  6:34  Probe  
  42  6:41  Probe  
  42  6:43  Phoenix  
  42  6:44  Phoenix  
  42  6:46  Probe  
  48  6:58  Robotics Facility  
  48  7:05  Probe  
  49  7:08  Phoenix (Chrono Boost)  
  49  7:11  Phoenix (Chrono Boost)  
  49  7:13  Pylon  
  53  7:17  Probe  
  54  7:28  Nexus  
  54  7:32  Phoenix (Chrono Boost), Pylon  
  56  7:43  Phoenix  
  58  7:51  Phoenix  
  60  8:11  Phoenix  
  60  8:16  Phoenix  
  62  8:26  Fleet Beacon  
  62  8:30  Pylon  
  62  8:32  Photon Cannon  
  62  8:36  Photon Cannon  
  62  8:41  Phoenix  
  62  8:42  Nexus  
  62  8:46  Pylon  
  64  8:53  Protoss Air Weapons Level 1 (Chrono Boost)  
  64  8:54  Probe  
  65  9:01  Observer (Chrono Boost)  
  66  9:03  Phoenix  
  66  9:06  Probe  
  69  9:12  Photon Cannon  
  69  9:14  Observer (Chrono Boost)  
  70  9:18  Pylon  
  70  9:26  Carrier  
  70  9:31  Probe  
  77  9:34  Observer  
  78  9:43  Probe  
  79  9:55  Probe  
  78  10:07  Carrier  
  78  10:14  Probe x2 (Chrono Boost)  
  86  10:18  Assimilator  
  86  10:20  Assimilator  
  86  10:26  Probe x2 (Chrono Boost)  
  86  10:27  Assimilator  
  88  10:29  Anion Pulse-Crystals  
  88  10:31  Stargate  
  88  10:32  Tempest, Probe (Chrono Boost)  
  88  10:33  Probe (Chrono Boost), Stargate, Assimilator  
  95  10:37  Protoss Air Armor Level 1  
  95  10:40  Probe x2  
  95  10:42  Photon Cannon  
  97  10:44  Shield Battery  
  97  10:45  Pylon  
  97  10:52  Probe x2  
  99  11:04  Probe x2  
  99  11:06  Observer  
  102  11:11  Carrier  
  102  11:16  Probe x2  
  110  11:28  Probe x2  
  112  11:40  Probe  
  112  11:41  Probe, Tempest  
  112  11:46  Tempest  
  123  11:51  Gateway  
  123  11:53  Probe (Chrono Boost)  
  123  11:54  Probe (Chrono Boost)  
  125  11:55  Twilight Council  
  125  11:56  Nexus  
  125  11:58  Pylon  
  125  12:01  Pylon  
  125  12:03  Mothership (Chrono Boost)  
  125  12:08  Probe (Chrono Boost)  
  135  12:11  Probe (Chrono Boost), Photon Cannon  
  136  12:16  Probe (Chrono Boost)  
  136  12:19  Void Ray  
  136  12:21  Probe (Chrono Boost)  
  136  12:25  Tempest, Pylon  
  136  12:29  Tempest  
  151  12:31  Probe  
  152  12:41  Pylon  
  152  12:42  Pylon  
  152  12:43  Probe, Pylon  
  153  12:45  Shield Battery  
  153  12:49  Photon Cannon, Protoss Air Weapons Level 2  
  135  13:19  Probe  
  134  13:23  Carrier x4  
  134  13:26  Shield Battery  
  158  13:31  Probe  
  158  13:34  Photon Cannon  
  159  13:37  Photon Cannon  
  159  13:43  Probe  
  160  13:52  Probe  
  160  13:55  Probe, Photon Cannon  
  162  13:58  Photon Cannon  
  162  14:07  Probe x2 (Chrono Boost)  
  166  14:18  Probe (Chrono Boost)  
  166  14:20  Probe (Chrono Boost)  
  166  14:23  Probe (Chrono Boost)  
  166  14:27  Tempest, Carrier  
  166  14:28  Probe  
  164  14:33  Probe  
  160  14:40  Probe  
  161  14:46  Probe  
  107  15:26  Carrier x3  
  113  15:31  Carrier  
  119  15:38  Probe  
  119  15:39  Probe  
  119  15:50  Probe  
  119  15:51  Probe  
  121  16:03  Probe x2  
  119  16:15  Probe  
  127  16:48  Nexus  
  127  16:49  Probe, Photon Cannon, Assimilator  
  127  16:51  Photon Cannon  
  127  16:53  Assimilator  
  128  16:54  Photon Cannon  
  128  17:01  Probe  
  139  17:13  Probe  
Show
View Real Time Build Order
Export as new Build Order

Massa Terran - Winner!

Build Orders: 2 Factory 

Get SALT Encoding   

  12  0:00  SCV  
  13  0:12  SCV  
  14  0:21  Supply Depot  
  14  0:24  SCV  
  15  0:43  SCV  
  15  0:45  Barracks  
  15  0:48  Refinery  
  16  0:55  SCV  
  17  1:07  SCV  
  18  1:26  SCV  
  18  1:31  Marine  
  20  1:43  Supply Depot  
  20  1:47  SCV  
  21  2:00  Reaper  
  22  2:08  Orbital Command  
  22  2:11  Command Center  
  22  2:13  Supply Depot  
  22  2:32  Marine  
  22  2:34  SCV  
  24  2:46  SCV  
  25  2:52  Factory  
  25  2:59  SCV  
  26  3:07  Refinery, Barracks Tech Lab  
  26  3:11  SCV  
  26  3:12  Command Center  
  27  3:22  Barracks  
  27  3:28  Factory  
  27  3:29  Marine  
  28  3:55  Hellion  
  30  3:58  Infernal Pre-Igniter  
  30  4:03  Orbital Command  
  30  4:04  SCV  
  31  4:10  Engineering Bay  
  31  4:16  SCV, Factory Reactor  
  32  4:19  Barracks Tech Lab  
  32  4:21  Hellion  
  34  4:29  SCV  
  35  4:39  SCV  
  35  4:40  Barracks Reactor  
  35  4:41  SCV  
  35  4:43  Hellion  
  39  4:45  SCV  
  39  4:51  SCV  
  41  4:53  SCV  
  41  4:57  SCV  
  41  4:59  Missile Turret  
  43  5:04  Hellion x2, Missile Turret  
  43  5:05  Hellion  
  49  5:08  Stimpack  
  49  5:11  Marauder  
  51  5:17  Starport  
  51  5:21  Marine x2  
  51  5:24  SCV x2  
  51  5:25  SCV  
  51  5:26  Hellion x2  
  60  5:32  Marine  
  60  5:35  Hellion  
  63  5:36  SCV  
  63  5:37  SCV  
  63  5:38  SCV  
  66  5:47  Terran Infantry Weapons Level 1, Siege Tank  
  69  5:54  Refinery  
  69  5:57  Supply Depot  
  69  6:12  Barracks  
  69  6:18  SCV x3, Marine x2  
  69  6:19  Marauder  
  69  6:24  Supply Depot  
  76  6:30  SCV  
  75  6:36  Marine x2  
  71  6:40  Marauder  
  71  6:46  Supply Depot  
  73  6:54  Marine x2  
  73  6:55  Combat Shield  
  75  7:01  Marauder  
  75  7:08  Supply Depot  
  75  7:23  Marauder  
  72  7:45  SCV  
  72  7:46  SCV  
  72  7:50  Marauder, Marine x2  
  79  7:52  Barracks Tech Lab  
  79  7:54  Refinery  
  79  7:57  SCV  
  79  7:58  SCV  
  80  8:09  SCV, Barracks  
  80  8:10  SCV  
  80  8:11  Marauder  
  84  8:15  Barracks, Command Center  
  84  8:16  Armory, Engineering Bay  
  84  8:18  Barracks  
  84  8:21  SCV  
  84  8:22  Supply Depot  
  84  8:23  Orbital Command  
  84  8:26  SCV  
  86  8:30  Marine x2  
  86  8:31  Marauder  
  86  8:32  Siege Tank  
  86  8:33  Widow Mine x2, Marauder  
  86  8:34  SCV  
  100  8:39  Concussive Shells  
  100  8:43  Terran Infantry Armor Level 1  
  100  8:46  Supply Depot  
  100  8:48  Marine x2, Missile Turret  
  100  8:52  Marauder  
  100  8:54  Widow Mine, Marauder  
  108  9:06  Barracks Reactor, Barracks Tech Lab x2, Marine  
  108  9:07  Siege Tank  
  108  9:09  Supply Depot  
  112  9:10  Missile Turret  
  112  9:12  Missile Turret x2  
  112  9:19  Terran Infantry Weapons Level 2  
  112  9:22  Medivac  
  114  9:32  Refinery x2  
  114  9:33  Supply Depot  
  114  9:39  Siege Tank  
  114  9:45  Terran Vehicle Weapons Level 1  
  117  9:52  Medivac  
  119  9:55  SCV x3  
  122  10:01  Sensor Tower  
  122  10:04  Missile Turret  
  122  10:07  SCV x3  
  122  10:11  Sensor Tower  
  122  10:12  Marauder x3  
  122  10:13  Marauder  
  122  10:14  Marine x2  
  134  10:19  SCV x3  
  138  10:26  Missile Turret, Supply Depot  
  138  10:27  Starport Reactor  
  138  10:31  SCV  
  138  10:33  Marauder x2  
  143  10:36  Planetary Fortress  
  143  10:38  SCV x2  
  145  10:43  SCV  
  145  10:48  Missile Turret  
  146  10:50  Supply Depot  
  146  10:54  SCV x2  
  146  10:55  SCV  
  146  10:56  Sensor Tower  
  149  11:06  SCV x2  
  149  11:09  Missile Turret x3  
  149  11:11  Medivac x2  
  155  11:13  Supply Depot  
  155  11:16  Missile Turret  
  155  11:27  Siege Tank  
  155  11:28  Widow Mine x2  
  155  11:30  Missile Turret x2  
  162  11:36  Missile Turret  
  162  11:37  Supply Depot  
  162  11:41  Medivac x2  
  162  11:43  Refinery  
  162  11:44  Refinery  
  166  11:49  Widow Mine  
  168  11:54  Command Center  
  168  11:55  Missile Turret  
  168  11:59  Siege Tank, Supply Depot  
  171  12:01  Terran Infantry Armor Level 2  
  171  12:02  Terran Infantry Weapons Level 3  
  171  12:03  Terran Vehicle And Ship Armor Level 1  
  171  12:06  Missile Turret  
  171  12:07  Missile Turret  
  171  12:08  Armory  
  171  12:21  Supply Depot  
  171  12:27  Missile Turret  
  171  12:29  Missile Turret  
  171  12:31  Thor  
  175  12:38  Ghost Academy  
  175  12:44  Supply Depot  
  175  12:47  Missile Turret  
  175  12:49  Missile Turret  
  175  12:50  Medivac x2  
  179  13:07  Sensor Tower  
  179  13:10  Terran Vehicle Weapons Level 2  
  179  13:11  Supply Depot  
  179  13:17  Planetary Fortress  
  179  13:20  Medivac  
  181  13:34  Supply Depot  
  181  13:39  Refinery  
  181  13:40  Personal Cloaking  
  181  13:49  Thor  
  187  13:57  Supply Depot  
  187  14:19  Refinery  
  187  14:20  Factory, Supply Depot  
  187  14:22  Widow Mine x2, Factory  
  191  14:31  Terran Infantry Armor Level 3  
  191  14:32  Terran Vehicle And Ship Armor Level 2, Thor  
  197  14:42  Supply Depot  
  191  15:05  Supply Depot  
  183  15:07  Factory  
  183  15:13  Marine  
  183  15:14  Marauder, Marine x3  
  173  15:15  Marauder x3, Thor  
  174  15:29  Supply Depot  
  174  15:31  Marine  
  174  15:32  Marine x3  
  176  15:36  Marauder x2, Marine x2  
  176  15:40  Factory Tech Lab x2  
  182  15:49  Marine x4  
  182  15:50  Widow Mine x2  
  182  15:52  Supply Depot  
  182  15:54  Marauder x2  
  186  15:57  Marauder, Marine, Thor  
  192  16:07  Marine x2  
  194  16:15  Marauder x2  
  194  16:18  Hi-Sec Auto Tracking  
Show
View Real Time Build Order
Export as new Build Order

Opie Terran 

Build Orders:  

Get SALT Encoding   

  12  0:00  SCV  
  13  0:13  SCV  
  14  0:19  Supply Depot  
  14  0:27  SCV  
  15  0:40  SCV  
  15  0:42  Barracks  
  16  0:51  Refinery  
  16  0:52  SCV  
  17  1:04  SCV  
  18  1:17  SCV  
  19  1:31  Orbital Command  
  19  1:32  Marine  
  20  1:42  Supply Depot  
  20  1:52  Bunker  
  20  1:55  Bunker  
  20  2:01  Barracks Tech Lab  
  20  2:05  SCV, Factory  
  20  2:06  Refinery  
  21  2:26  Marine  
  22  2:32  SCV, Barracks, Supply Depot  
  22  2:43  Marine  
  23  2:50  Barracks  
  22  3:07  Marauder  
  24  3:21  Barracks Reactor  
  24  3:23  Factory Tech Lab  
  24  3:27  Engineering Bay  
  24  3:29  SCV  
  24  3:31  Marine  
  26  3:41  SCV  
  24  4:11  Marauder  
  24  4:12  Marine x2  
  24  4:13  Barracks Reactor  
  24  4:14  Siege Tank  
  24  4:15  SCV  
  32  4:19  Terran Infantry Weapons Level 1  
  32  4:21  Command Center  
  32  4:26  Bunker  
  32  4:27  SCV  
  33  4:42  Marauder, Marine x2  
  37  4:46  Stimpack  
  37  4:51  Marine x2  
  39  4:56  Siege Tank  
  42  5:13  Marine  
  42  5:14  Marine x2  
  44  5:17  Marauder  
  47  5:28  Bunker x2  
  47  5:40  Supply Depot  
  47  5:42  Marine x2  
  49  5:47  Siege Tank  
  52  6:07  Supply Depot  
  52  6:08  Marine  
  52  6:09  Orbital Command  
  53  6:11  SCV  
  53  6:14  Terran Infantry Armor Level 1  
  54  6:23  SCV  
  54  6:24  Supply Depot  
  55  6:26  Siege Tank  
  55  6:29  Supply Depot  
  55  6:50  Supply Depot  
  55  6:56  Supply Depot  
  55  7:08  Orbital Command  
  55  7:12  Supply Depot  
  55  7:14  Marine x3  
  55  7:15  Marine, Siege Tank  
  62  7:19  Supply Depot  
  60  7:35  Supply Depot  
  60  7:39  Marine x2  
  60  7:40  Marine x2  
  63  7:46  Marauder  
  63  7:49  SCV  
  63  7:50  SCV  
  67  7:57  Marine x3  
  67  7:58  Marine  
  63  8:07  Marauder  
  64  8:18  SCV x2  
  66  8:20  Refinery  
  66  8:24  Marine x2  
  66  8:25  Starport, Marine x2  
  70  8:27  Barracks x2  
  70  8:30  SCV x2  
  70  8:32  Combat Shield  
  72  8:42  SCV x2  
  72  8:48  Armory  
  74  8:54  SCV x2  
  76  8:58  Marine, Siege Tank  
  76  8:59  Marine x4  
  84  9:16  Marine  
  85  9:25  Command Center  
  85  9:30  Starport Reactor  
  85  9:33  Barracks Tech Lab  
  85  9:35  Barracks Tech Lab  
  85  9:43  Terran Infantry Weapons Level 2  
  85  9:47  Engineering Bay, Thor  
  85  9:49  Marine x2  
  85  9:50  Marine  
  91  10:12  Medivac  
  91  10:13  Medivac  
  95  10:15  Missile Turret  
  95  10:19  Missile Turret x2  
  95  10:39  Supply Depot  
  95  10:42  Medivac  
  97  10:58  Planetary Fortress  
  97  11:15  SCV x2  
  97  11:17  Supply Depot  
  99  11:19  Bunker, Supply Depot  
  99  11:22  Missile Turret  
  99  11:23  Missile Turret  
  99  11:24  Missile Turret  
  99  11:27  SCV  
  99  11:28  SCV, Medivac x2  
  105  11:38  Terran Infantry Armor Level 2  
  106  11:40  SCV x2  
  107  11:50  Siege Tank  
  110  11:55  Marine  
  110  11:56  Marine x6  
  110  11:57  Factory  
  117  12:01  SCV x2  
  117  12:02  SCV  
  120  12:13  Marine x2  
  122  12:39  Marine x2  
  122  12:40  Marine x5  
  122  12:42  Medivac x2, Siege Tank  
  135  12:57  Marine x3  
  135  12:58  Marine  
  115  13:15  Marine  
  115  13:16  Marine x6  
  115  13:18  Medivac x2  
  121  13:33  Marine  
  121  13:34  Marine x5  
  124  13:36  Marine  
  124  13:37  Siege Tank  
  124  13:40  Factory Tech Lab  
  131  13:44  Supply Depot  
  131  13:51  Marine x4  
  131  13:52  Command Center  
  131  13:53  Command Center  
  135  13:58  Marine x3  
  138  14:09  Marine x4, Siege Tank  
  145  14:16  Marine x3  
  148  14:27  Marine x4  
  152  14:33  Marine  
  153  14:51  Marine x7  
  162  14:52  Siege Tank  
  149  15:09  Marine x6  
  107  15:23  Marine  
  107  15:26  Thor  
  107  15:27  Marine x6  
  87  16:01  Marine x7  
  82  16:09  Thor  
  88  16:15  Orbital Command  
  86  16:18  Marine, Supply Depot  
  86  16:19  Marine x6  
  93  16:26  Refinery  
  78  16:36  Marine  
Show
View Real Time Build Order
Export as new Build Order

samurairau Protoss 

Build Orders: Carriers 

Get SALT Encoding   

  12  0:01  Probe  
  13  0:13  Probe (Chrono Boost)  
  14  0:21  Assimilator  
  14  0:25  Probe (Chrono Boost)  
  15  0:32  Pylon  
  15  0:46  Assimilator  
  16  0:50  Probe  
  16  1:02  Probe (Chrono Boost)  
  17  1:04  Assimilator  
  17  1:06  Assimilator  
  17  1:14  Probe (Chrono Boost)  
  18  1:22  Probe (Chrono Boost)  
  19  1:26  Pylon  
  19  1:28  Probe  
  20  1:35  Pylon  
  20  1:44  Pylon  
  20  1:48  Forge  
  20  1:56  Pylon  
  20  1:58  Probe  
  21  2:21  Photon Cannon  
  20  2:22  Photon Cannon  
  20  2:30  Photon Cannon  
  20  2:44  Photon Cannon  
  20  2:58  Photon Cannon  
  20  3:21  Pylon  
  20  3:36  Gateway  
  20  3:38  Pylon  
  20  3:39  Probe (Chrono Boost)  
  21  3:44  Photon Cannon  
  21  3:46  Photon Cannon  
  22  3:48  Probe (Chrono Boost)  
  22  3:53  Probe (Chrono Boost)  
  23  3:56  Photon Cannon  
  23  4:05  Probe (Chrono Boost)  
  25  4:17  Probe (Chrono Boost)  
  25  4:23  Probe (Chrono Boost)  
  26  4:38  Cybernetics Core  
  26  4:42  Gateway  
  26  4:43  Probe (Chrono Boost)  
  28  4:53  Probe (Chrono Boost)  
  28  4:58  Probe (Chrono Boost)  
  28  5:01  Nexus  
  28  5:04  Assimilator  
  29  5:09  Assimilator  
  29  5:10  Probe (Chrono Boost)  
  29  5:12  Pylon  
  30  5:14  Pylon  
  31  5:22  Probe (Chrono Boost), Warp Gate  
  31  5:26  Stargate  
  31  5:29  Probe (Chrono Boost), Stargate  
  32  5:37  Stalker  
  34  5:43  Photon Cannon  
  34  5:49  Probe  
  35  6:01  Probe  
  36  6:12  Pylon  
  36  6:13  Probe, Void Ray  
  37  6:22  Probe (Chrono Boost)  
  41  6:28  Probe (Chrono Boost)  
  42  6:35  Probe (Chrono Boost), Photon Cannon  
  44  6:41  Void Ray  
  44  6:42  Probe (Chrono Boost)  
  44  6:44  Probe (Chrono Boost)  
  45  6:50  Probe (Chrono Boost)  
  51  6:56  Probe (Chrono Boost)  
  51  6:57  Probe (Chrono Boost)  
  52  7:04  Probe  
  52  7:06  Probe  
  54  7:09  Stargate  
  53  7:18  Probe  
  53  7:20  Photon Cannon  
  54  7:23  Void Ray  
  54  7:25  Pylon  
  54  7:27  Pylon  
  58  7:30  Probe, Photon Cannon  
  59  7:40  Probe  
  59  7:42  Probe  
  61  7:50  Photon Cannon  
  61  7:52  Pylon  
  61  7:59  Stargate  
  61  8:00  Void Ray  
  61  8:05  Stargate x2  
  65  8:15  Photon Cannon  
  65  8:18  Photon Cannon, Void Ray  
  65  8:22  Void Ray  
  73  8:42  Nexus  
  73  8:48  Pylon  
  73  8:51  Probe x2  
  75  8:59  Assimilator  
  75  9:03  Probe, Assimilator  
  76  9:13  Fleet Beacon  
  76  9:18  Probe x2  
  78  9:30  Probe  
  79  9:37  Cybernetics Core  
  79  9:38  Void Ray  
  79  9:39  Probe (Chrono Boost)  
  79  9:40  Protoss Air Weapons Level 1  
  79  9:43  Probe (Chrono Boost)  
  85  9:50  Pylon  
  85  9:51  Probe (Chrono Boost)  
  86  9:55  Probe (Chrono Boost)  
  88  10:00  Probe (Chrono Boost)  
  88  10:01  Probe (Chrono Boost)  
  88  10:02  Void Ray x2  
  89  10:10  Void Ray  
  101  10:24  Pylon  
  101  10:25  Pylon  
  101  10:26  Anion Pulse-Crystals  
  101  10:46  Nexus  
  101  10:47  Pylon  
  101  11:04  Carrier (Chrono Boost), Pylon  
  101  11:07  Pylon  
  101  11:08  Carrier (Chrono Boost), Nexus  
  113  11:12  Assimilator  
  113  11:15  Assimilator  
  113  11:17  Probe x3  
  116  11:20  Flux Vanes  
  116  11:29  Probe, Stargate  
  117  11:33  Stargate  
  117  11:39  Tempest  
  122  11:46  Protoss Air Armor Level 1 (Chrono Boost)  
  122  11:54  Probe x3  
  124  12:06  Probe x3  
  127  12:14  Carrier x2  
  139  12:20  Probe (Chrono Boost)  
  143  12:24  Probe x3 (Chrono Boost)  
  143  12:29  Probe (Chrono Boost)  
  143  12:34  Probe x3 (Chrono Boost)  
  143  12:35  Probe (Chrono Boost)  
  147  12:42  Carrier (Chrono Boost)  
  156  12:46  Pylon  
  156  12:48  Probe x3 (Chrono Boost), Pylon x2, Protoss Air Weapons Level 2 (Chrono Boost)  
  156  12:51  Pylon  
  156  13:00  Carrier x2 (Chrono Boost)  
  168  13:12  Carrier (Chrono Boost)  
  174  13:25  Carrier (Chrono Boost)  
  180  13:35  Carrier (Chrono Boost)  
  190  13:41  Carrier (Chrono Boost)  
  190  13:52  Carrier  
  196  13:59  Protoss Air Armor Level 2 (Chrono Boost)  
  196  14:30  Unknown  
  148  15:16  Carrier x3 (Chrono Boost)  
  156  15:26  Carrier (Chrono Boost)  
  138  15:29  Carrier x4 (Chrono Boost)  
  115  16:13  Carrier  
  121  16:22  Carrier x2  
  121  16:23  Carrier  
  139  16:26  Carrier  
Tags
 
Add a new tag
Caveats
  • Supply blocks, unpowered buildings, or Contaminate may cause inaccurate times.
  • Supply counts are checked every 10 seconds.